Map: Dusk Towers

Players

Gemini

  • Race: Protoss Protoss
  • League: Master

A.I. 1 (Very Easy) - Winner!

  • Race: Protoss Protoss

VOD

Have the link to the VOD?

Description

Time

  • Played on: Dec. 2, 2015, 11:29 p.m.
  • Length: 6:19
Show
View Real Time Build Order
Export as new Build Order

Gemini Protoss 

Build Orders: Dark Templar Rush 

Get SALT Encoding   

  12  0:01  Probe (Chrono Boost)  
  13  0:11  Probe (Chrono Boost)  
  14  0:19  Pylon  
  14  0:22  Probe (Chrono Boost)  
  15  0:37  Probe (Chrono Boost)  
  15  0:38  Gateway  
  16  0:48  Probe (Chrono Boost)  
  16  0:49  Assimilator  
  17  0:52  Assimilator  
  17  0:58  Probe (Chrono Boost)  
  18  1:06  Pylon  
  18  1:09  Probe (Chrono Boost)  
  19  1:19  Probe (Chrono Boost)  
  20  1:28  Cybernetics Core  
  20  1:30  Probe (Chrono Boost)  
  21  1:40  Probe (Chrono Boost)  
  22  1:49  Gateway  
  22  1:51  Probe (Chrono Boost)  
  23  2:00  Pylon  
  23  2:05  Mothership Core (Chrono Boost), Adept, Warp Gate  
  27  2:33  Nexus  
  27  2:44  Adept  
  27  2:45  Adept  
  27  2:48  Probe (Chrono Boost)  
  32  2:59  Probe (Chrono Boost)  
  32  3:03  Twilight Council  
  33  3:10  Probe (Chrono Boost)  
  33  3:12  Sentry x2  
  38  3:18  Pylon  
  38  3:22  Probe (Chrono Boost)  
  39  3:36  Probe (Chrono Boost)  
  40  3:42  Dark Shrine  
  40  3:47  Probe x2 (Chrono Boost)  
  42  3:54  Robotics Facility  
  42  3:58  Probe (Chrono Boost)  
  42  4:00  Probe (Chrono Boost)  
  44  4:08  Probe (Chrono Boost)  
  45  4:10  Pylon  
  45  4:11  Probe (Chrono Boost)  
  46  4:20  Probe (Chrono Boost)  
  46  4:21  Probe (Chrono Boost)  
  48  4:24  Pylon  
  48  4:31  Probe (Chrono Boost)  
  49  4:32  Probe (Chrono Boost)  
  49  4:33  Gateway, Assimilator  
  50  4:38  Assimilator  
  50  4:41  Probe (Chrono Boost)  
  50  4:42  Probe (Chrono Boost), Observer  
  50  4:44  Pylon  
  53  4:52  Probe (Chrono Boost)  
  54  4:53  Probe (Chrono Boost)  
  55  5:02  Probe (Chrono Boost)  
  55  5:03  Dark Templar x2, Probe (Chrono Boost)  
  61  5:07  Warp Prism (Chrono Boost)  
  61  5:12  Probe (Chrono Boost)  
  61  5:13  Probe (Chrono Boost)  
  65  5:21  Forge  
  65  5:23  Probe  
  65  5:24  Probe  
  67  5:32  Pylon  
  67  5:33  Probe  
  68  5:37  Probe  
  69  5:44  Probe  
  69  5:49  Probe, Pylon  
  75  5:55  Probe  
  76  6:04  Robotics Bay  
  76  6:14  Nexus  
  76  6:16  Pylon  
Show
View Real Time Build Order
Export as new Build Order

A.I. 1 (Very Easy) Protoss - Winner!

Build Orders:  

Get SALT Encoding   

  12  0:01  Probe (Chrono Boost)  
  13  0:11  Probe (Chrono Boost)  
  14  0:19  Pylon  
  14  0:36  Assimilator  
  14  0:43  Gateway  
  14  0:46  Pylon  
  14  1:13  Assimilator  
  14  1:26  Probe (Chrono Boost)  
  14  1:29  Zealot  
  17  1:33  Cybernetics Core  
  17  1:37  Probe (Chrono Boost)  
  18  1:49  Probe (Chrono Boost)  
  19  1:58  Warp Gate  
  19  1:59  Probe (Chrono Boost)  
  20  2:11  Probe (Chrono Boost)  
  21  2:22  Probe (Chrono Boost)  
  22  2:38  Stalker  
  24  4:16  Probe (Chrono Boost)  
  24  5:35  Probe (Chrono Boost)  
  24  5:39  Stalker  
  24  5:42  Pylon  
  19  5:47  Probe (Chrono Boost)  
  10  5:58  Probe (Chrono Boost)  
  5  6:08  Zealot  
Tags
 
Add a new tag
Caveats
  • Supply blocks, unpowered buildings, or Contaminate may cause inaccurate times.
  • Supply counts are checked every 10 seconds.